 Dungeon Crawl Stone Soup version 0.13-a0-3016-gcb2faac (webtiles) character file.

180 PolkaDot the Stinger (level 3, -1/24 HPs)
             Began as a Vampire Venom Mage on Sept 10, 2013.
             Succumbed to a goblin's poison
             ... on Level 2 of the Dungeon.
             The game lasted 00:08:01 (1363 turns).

PolkaDot the Stinger (Vampire Venom Mage)           Turns: 1363, Time: 00:08:01

HP  -1/24        AC  2     Str  7      XL: 3   Next: 48%
MP   7/7         EV 12     Int 18      God:
Gold 133         SH  0     Dex 14      Spells:  2 memorised,  1 level left

Res.Fire  : . . .   See Invis. : +   l - +0 elf short sword
Res.Cold  : . . .   Warding    : .   a - +0 robe
Life Prot.: . . .   Conserve   : .   (no shield)
Res.Poison: .       Res.Corr.  : .   (no helmet)
Res.Elec. : .       Clarity    : .   (no cloak)
Sust.Abil.: . .     Spirit.Shd : .   (no gloves)
Res.Mut.  : .       Stasis     : .   (no boots)
Res.Rott. : .       Flight     : .   (no amulet)
Saprovore : . . .                    (no ring)
                                     (no ring)

@: regenerating quickly, very poisoned, slightly resistant to hostile
enchantments, stealthy
A: fangs 3, see invisible, unbreathing
a: no special abilities


You were on level 2 of the Dungeon.
You were very full.

You visited 1 branch of the dungeon, and saw 2 of its levels.

You collected 113 gold pieces.

Inventory:

Hand weapons
 l - a +0,+0 elven short sword (weapon)
Armour
 a - a +0 robe (worn)
Scrolls
 d - a scroll of teleportation {unknown}
 e - a scroll of curse armour {unknown}
 f - a scroll of magic mapping {unknown}
 h - 2 scrolls of remove curse {unknown}
 j - a scroll of fear {unknown}
 k - a scroll of blinking {unknown}
 n - 2 scrolls of identify {unknown}
 p - a scroll of noise {unknown}
 q - a scroll of random uselessness {unknown}
Potions
 g - a potion of restore abilities {unknown}
 i - a potion of resistance {unknown}
 m - a potion of curing {unknown}
 o - a potion of paralysis {unknown}
Books
 b - a Young Poisoner's Handbook

   Spells                             Type                      Level
   *Sting                             Conjuration/Poison           1
   Cure Poison                        Poison                       2
   *Mephitic Cloud                    Conjuration/Poison/Air       3
   Olgreb's Toxic Radiance            Poison                       4
   Venom Bolt                         Conjuration/Poison           5


   Skills:
 - Level 2.1 Dodging
 - Level 3.0 Stealth
 + Level 1.6 Spellcasting
 * Level 0.6 Air Magic
 * Level 4.4 Poison Magic


You had one spell level left.
You knew the following spells:

 Your Spells              Type           Power        Failure   Level  Hunger
a - Sting                 Conj/Pois      #...         10%         1    #......
b - Mephitic Cloud        Conj/Pois/Air  #.......     30%         3    ####...


Dungeon Overview and Level Annotations

Branches:
Dungeon (2/27)

Altars:
Zin


Innate Abilities, Weirdness & Mutations

Your natural rate of healing is unusually fast.
You have razor-sharp teeth.*
You have supernaturally acute eyesight.
You can survive without breathing.*


Message History

You are too injured to fight recklessly!
You hit the goblin.
You kill the goblin!
* * * LOW HITPOINT WARNING * * *
You feel sick.
Casting: Sting
Confirm with . or Enter, or press ? or * to list all spells.
You can't see any susceptible monsters within range! (Use Z to cast anyway.)
* * * LOW HITPOINT WARNING * * *
You feel very sick.
You feel a little better.
You now have 133 gold pieces (gained 12).
Things that are here:
a dagger of venom; a sling; 22 stones; a goblin corpse
* * * LOW HITPOINT WARNING * * *
You feel very sick.
You feel a little better.
Drink which item? (? for menu, Esc to quit)
Yummy - fresh blood!
You die...

#...........#...#..........#
#...........#.###..........#
#...........#.##...........#
##...........#.##.###.......#
.'...........'....#.#.......#
##...........##.###.###.....#
#########'##...#.....#...###
##.<.##.###.###.###.#
#..####.#[@.# #%....# #.##
#.###.###.###.# ###.#
#...#.....#...# #...#
###.###.###.### ###'#######
#...#)#...## #.........#
##%.###....#
#..)%.....####.........#
+.........#......%.....#
#.........#.##.........#


There were no monsters in sight!

Vanquished Creatures
  Terence (D:2)
  5 goblins
  6 hobgoblins
  5 kobolds
  3 bats
  5 giant cockroaches
  2 giant geckos
  3 giant newts
  3 rats
33 creatures vanquished.

Notes
Turn   | Place    | Note
--------------------------------------------------------------
     0 | D:1      | PolkaDot, the Vampire Venom Mage, began the quest for the Orb.
     0 | D:1      | Reached XP level 1. HP: 13/13 MP: 4/4
   266 | D:1      | Reached XP level 2. HP: 19/19 MP: 3/5
   479 | D:1      | Reached skill level 4 in Poison Magic
   914 | D:2      | Noticed Terence
   927 | D:2      | Killed Terence
   927 | D:2      | Reached XP level 3. HP: 18/24 MP: 0/7
   937 | D:2      | Learned a level 3 spell: Mephitic Cloud
   965 | D:2      | Found a glowing silver altar of Zin.
  1362 | D:2      | HP: 1/24 [poisoned by a goblin]
  1363 | D:2      | Succumbed to a goblin's poison

Action                   || total
-------------------------++-------
Melee: Unarmed           ||     3
       Short sword       ||    32
 Cast: Sting             ||    46
  Use: Potion            ||     1
 Stab: Sleeping          ||     2
